 Dungeon Crawl Stone Soup version 0.22-a0-117-g314b907 (console) character file.

194199 yesno the Eclecticist (level 17, 8/104 HPs)
             Began as a Deep Elf Conjurer on Jan 26, 2018.
             Was a High Priest of Sif Muna.
             Quit the game on level 4 of the Snake Pit on Jan 30, 2018.
             The game lasted 03:52:32 (46065 turns).

yesno the Eclecticist (Deep Elf Conjurer)          Turns: 46065, Time: 03:52:33

Health: 8/104      AC: 12    Str:  9    XL:     17   Next: 67%
Magic:  8/42       EV: 28    Int: 27    God:    Sif Muna [*****.]
Gold:   1372       SH: 13    Dex: 23    Spells: 2/55 levels left

rFire    . . .     SeeInvis .   a - +5 demon whip (vamp)
rCold    + . .     Gourm    .   h - +2 buckler
rNeg     . . .     Faith    .   e - +2 robe {Archmagi}
rPois    .         Spirit   .   B - +1 hat
rElec    .         Reflect  +   V - +2 cloak {MR+}
rCorr    .         Harm     .   t - +2 pair of gloves {Dex+3}
MR       +++..                  Y - -1 pair of boots of Qazlal's Whim {rC+ Dex+6}
Stlth    ++++......             w - +5 amulet of reflection
HPRegen  0.27/turn              q - +4 ring of evasion
MPRegen  0.28/turn              v - ring "Tosteeg" {MR+ Str+4}

@: seriously poisoned (8 -> 2), hasted, divine energy, very quick
A: blink, blurry vision 1, clumsy 1, shaggy fur 1 ¿: 1/15 runes: barnacled
a: Blink, Stop Divine Energy, Channel Magic, Forget Spell, Renounce Religion


You were on level 4 of the Snake Pit.
You worshipped Sif Muna.
Sif Muna was extremely pleased with you.
You were not hungry.

You visited 7 branches of the dungeon, and saw 32 of its levels.

You collected 2729 gold pieces.
You spent 1357 gold pieces at shops.

Inventory:

Hand Weapons
 a - a +5 vampiric demon whip (weapon)
Armour
 e - a +2 robe of the Archmagi (worn)
 h - a +2 buckler (worn)
 t - a +2 pair of gloves of dexterity (worn)
 B - a +1 hat (worn)
 S - the +0 pair of boots of Uskayaw's Displeasure {rCorr Str+2 Slay+2}
   (You acquired it on level 2 of the Snake Pit)

   It affects your strength (+2).
   It affects your accuracy and damage with ranged weapons and melee attacks
   (+2).
   It protects you from acid and corrosion.
 V - a +2 cloak of magic resistance (worn)
 Y - the -1 pair of boots of Qazlal's Whim (worn) {rC+ Dex+6}
   (You found it on level 5 of the Lair of Beasts)

   It affects your dexterity (+6).
   It protects you from cold.
Magical Staves
 O - an uncursed staff of air {unknown}
Jewellery
 l - an uncursed ring of wizardry
 q - a +4 ring of evasion (left hand)
 u - a +4 ring of dexterity
 v - the ring "Tosteeg" (right hand) {MR+ Str+4}
   (You found it on level 9 of the Dungeon)

   [ring of protection from magic]

   It affects your strength (+4).
   It affects your resistance to hostile enchantments.
 w - a +5 amulet of reflection (around neck)
 E - a +4 ring of protection {unknown}
 F - an uncursed amulet of regeneration
 P - an uncursed ring of magical power
 X - an uncursed ring of resist corrosion
Wands
 d - a wand of enslavement (7)
 f - a wand of digging (36)
 g - a wand of flame (104)
 i - a wand of iceblast (16)
 k - a wand of acid (8)
 m - a wand of random effects (56)
 N - a wand of paralysis (11)
 R - a wand of polymorph (47)
Scrolls
 n - a scroll of brand weapon {unknown}
 p - 5 scrolls of teleportation
 y - a scroll of enchant armour
 D - 9 scrolls of remove curse
 I - a scroll of holy word {unknown}
 T - a scroll of random uselessness {unknown}
 U - 2 scrolls of fog {unknown}
Potions
 o - a potion of cancellation
 z - 2 potions of brilliance
 C - 3 potions of flight
 K - a potion of magic
 W - 3 potions of haste
Books
 b - Yruxkup's Compendium of Shifting Combat Magic
   (You bought it in a shop on level 2 of the Orcish Mines)

   Spells                             Type                      Level
   a - Static Discharge               Conjuration/Air              3
   b - Iskenderun's Mystic Blast      Conjuration                  4
   c - Iskenderun's Battlesphere      Conjuration/Charms           5
   d - Blade Hands                    Transmutation                5
 j - Sif Muna's Guide on Damaging Fascination
   (Sif Muna gifted it to you on level 2 of the Snake Pit)

   Spells                             Type                      Level
   a - Throw Frost                    Conjuration/Ice              2
   b - Inner Flame                    Hexes/Fire                   3
   c - Lightning Bolt                 Conjuration/Air              5
   d - Chain Lightning                Conjuration/Air              8
   e - Fire Storm                     Conjuration/Fire             9
 s - a book of Callings

   Spells                             Type                      Level
   a - Summon Small Mammal            Summoning                    1
   b - Call Imp                       Summoning                    2
   c - Call Canine Familiar           Summoning                    3
   d - Summon Guardian Golem          Hexes/Summoning              3
   e - Summon Lightning Spire         Summoning/Air                4
   f - Summon Ice Beast               Ice/Summoning                4
 x - a book of Geomancy

   Spells                             Type                      Level
   a - Sandblast                      Earth                        1
   b - Passwall                       Transmutation/Earth          2
   c - Stone Arrow                    Conjuration/Earth            3
   d - Petrify                        Transmutation/Earth          4
   e - Lee's Rapid Deconstruction     Earth                        5
 A - a book of Cantrips

   Spells                             Type                      Level
   a - Confusing Touch                Hexes                        1
   b - Animate Skeleton               Necromancy                   1
   c - Summon Small Mammal            Summoning                    1
   d - Apportation                    Translocation                1
 G - Woggeaki's Almanac of the Ensnaring Rocks
   (Sif Muna gifted it to you on level 2 of the Shoals)

   Spells                             Type                      Level
   a - Tukima's Dance                 Hexes                        3
   b - Leda's Liquefaction            Hexes/Earth                  4
   c - Metabolic Englaciation         Hexes/Ice                    5
   d - Summon Mana Viper              Hexes/Summoning              5
   e - Lehudib's Crystal Spear        Conjuration/Earth            8
 J - a book of Power

   Spells                             Type                      Level
   a - Iskenderun's Battlesphere      Conjuration/Charms           5
   b - Venom Bolt                     Conjuration/Poison           5
   c - Bolt of Magma                  Conjuration/Fire/Earth       5
   d - Iron Shot                      Conjuration/Earth            6
   e - Orb of Destruction             Conjuration                  7
   f - Spellforged Servitor           Conjuration/Summoning        7
 L - a book of Summonings

   Spells                             Type                      Level
   a - Recall                         Summoning/Translocation      3
   b - Aura of Abjuration             Summoning                    5
   c - Summon Demon                   Summoning                    5
   d - Summon Forest                  Summoning/Translocation      5
   e - Summon Mana Viper              Hexes/Summoning              5
   f - Shadow Creatures               Summoning                    6
 Q - the Tome of Cloudy Creation
   (You found it on level 1 of the Snake Pit)

   Spells                             Type                      Level
   a - Mephitic Cloud                 Conjuration/Poison/Air       3
   b - Static Discharge               Conjuration/Air              3
   c - Summon Ice Beast               Ice/Summoning                4
   d - Silence                        Hexes/Air                    5
   e - Summon Forest                  Summoning/Translocation      5
 Z - a book of Death

   Spells                             Type                      Level
   a - Corpse Rot                     Necromancy                   2
   b - Sublimation of Blood           Necromancy                   2
   c - Agony                          Necromancy                   5
   d - Dispel Undead                  Necromancy                   5
   e - Excruciating Wounds            Charms/Necromancy            5
   f - Bolt of Draining               Conjuration/Necromancy       5
Comestibles
 c - 27 rations


   Skills:
 - Level 10.8 Fighting
 - Level 10.3 Maces & Flails
 - Level 12.3 Dodging
 - Level 8.0 Stealth
 - Level 4.0 Shields
 * Level 19.6 Spellcasting
 * Level 15.5 Conjurations
 - Level 8.2 Hexes
 + Level 7.3 Summonings
 - Level 8.0 Invocations


You had 2 spell levels left.
You knew the following spells:

 Your Spells              Type           Power        Failure   Level  Hunger
b - Searing Ray           Conj           ######       0%          2    None
c - Iskenderun's Mystic   Conj           ########     1%          4    None
d - Spellforged Servitor  Conj/Summ      #######...   12%         7    ####...
e - Fulminant Prism       Conj/Hex       #######...   1%          4    None
f - Force Lance           Conj/Tloc      #######.     1%          4    None
g - Summon Demon          Summ           #######...   2%          5    None
h - Blink                 Tloc           N/A          2%          2    None
i - Apportation           Tloc           #####.       1%          1    None
j - Slow                  Hex            #######.     1%          2    None
k - Call Imp              Summ           #######.     1%          2    None
l - Summon Ice Beast      Ice/Summ       ######..     3%          4    None
m - Summon Lightning Spi  Summ/Air       ######..     3%          4    None
n - Orb of Destruction    Conj           ########..   2%          7    ####...
o - Summon Mana Viper     Hex/Summ       #######.     1%          5    None


Dungeon Overview and Level Annotations

Branches:
Dungeon (15/15)            Temple (1/1) D:5            Lair (5/6) D:11
 Shoals (4/4) Lair:2        Snake (4/4) Lair:4        Slime (0/5) Lair:5
    Orc (2/2) D:12            Elf (1/3) Orc:2        Depths (0/5) D:15
 Vaults: D:13-14

Altars:
Ashenzari
Cheibriados
Dithmenos
Elyvilon
Fedhas
Gozag
Hepliaklqana
Kikubaaqudgha
Makhleb
Nemelex Xobeh
Okawaru
Qazlal
Ru
Sif Muna
Trog
Uskayaw
Vehumet
Wu Jian
Xom
Yredelemnul
Zin
The Shining One
Beogh
Jiyva

Shops:
D:8 *?}   Orc:2 :(*:   Elf:1 [(

Portals:
Trove: Elf:1 (give +3 fire dragon scales)

Annotations:
D:5 2 transporters
D:6 Coron's ghost, novice OgHu
D:12 exclusion: ice statue
D:13 Frances
Lair:3 exclusion: oklob plant
Lair:5 Nessos
Shoals:4 Ilsuiw
Snake:3 exclusion: Roxanne, Roxanne
Snake:4 Bai Suzhen; Vashnia


Innate Abilities, Weirdness & Mutations

You can translocate small distances at will.
Scrolls take you a little longer to read.
You are clumsy. (Dex -2)
You are covered in fur. (AC +1)


Message History

The naga sharpshooter magically shoots a bolt.
You reflect the bolt off an invisible shield around you!
Your orange demon stings the black mamba!
Your orange demon hits the black mamba.
You take 1 damage, and have 9/104 hp.
Okay, then.
Casting: Summon Demon (safe; 2% risk of failure)
Confirm with . or Enter, or press ? or * to list all spells.
Aiming: Fulminant Prism (safe; 1% risk of failure)
Press: ? - help, Dir - move target cursor You feel a surge of power!
You conjure a prism of explosive energy!
Your surroundings suddenly seem different.
You feel sick.
Found 29 gold pieces and 25 arrows. 3 black mambas, a salamander, a salamander mystic and Bai Suzhen come into view.
Bai Suzhen is wielding a quarterstaff of protection.
You take 1 damage, and have 8/104 hp.
You now have 8/42 mp.
Okay, then.
Are you sure you want to abandon this character and quit the game? (Confirm with "yes".)

····░░···░···░···············░···
····░░·······░░···d··········░···
···░░░░·····▒▒▒▒░············░░··
·░░░··░░····▒···▒············░░░·
░░·····░░··▒▒········S·······░···
········░▒▒▒·················░░··
······························░░░
░░···············$·····▒░░░░░░···
░░░············@··S···▒·░···░░░·
░···················▒░······░·
░······N···········↑▒·····░·░·
░··········▒▒▒▒▒▒▒··▒░░·····░·
░········S·░···░·░···░·····░░·
░········N·░····░░···░····<░··
░··········░·····░···░·····░··
░··········░░····░···░░░░░■░··
░··········░·····■············


You could see Bai Suzhen (sleeping), a salamander mystic (wandering), a
salamander (wandering) and 3 black mambas.

Vanquished Creatures
  Nikola (Snake:1)
  Gastronok (Lair:1)
  2 nagarajas
  An orc warlord (Orc:2)
  The ghost of jdsmith2816 the Black Belt, a journeyman DsMo of Qazlal (Orc:2)
  A very ugly thing (Shoals:1)
  A caustic shrike skeleton (D:15)
  2 deep elf annihilators (Elf:1)
  A deep elf death mage (Elf:1)
  A merfolk javelineer (Shoals:3)
  3 merfolk impalers
  Erolcha (D:9)
  A naga warrior (Snake:3)
  3 hydras
  Erica (D:9)
  2 merfolk aquamancers
  3 centaur warriors
  3 anacondas
  2 catoblepae (D:14)
  3 merfolk avatars
  6 two-headed ogres
  An ogre mage (Orc:2)
  2 satyrs
  4 dancing weapons (Elf:1)
  The ghost of Gorbigon the Grappler, a novice DrTm of Okawaru (D:10)
  A vampire mage (D:15)
  5 naga sharpshooters
  2 shock serpents
  2 deep elf knights (Elf:1)
  11 skeletal warriors
  The ghost of Gorbigon the Transmogrifier, a novice OgTm of Okawaru (D:8)
  4 sea snakes
  3 naga ritualists
  7 harpies
  4 deep elf archers
  3 necromancers
  4 wizards
  4 mana vipers
  A wolf spider zombie (D:14)
  2 orc sorcerers
  17 deep elf magi
  2 cyclopes
  A stone giant zombie (D:15)
  13 ugly things
  14 fauns
  A fire giant zombie (D:15)
  8 manticores
  2 salamanders (Snake:1)
  7 merfolk sirens
  4 black mambas
  2 centaur zombies
  A fire giant skeleton (D:15)
  3 guardian serpents
  2 naga magi (Snake:3)
  5 elephants (Lair:2)
  3 gargoyles
  3 centaur skeletons
  A freezing wraith (D:15)
  3 spiny frogs
  A yaktaur (D:13)
  3 rime drakes
  2 efreet
  2 komodo dragons
  3 kobold demonologists
  3 meliai (D:15)
  11 trolls
  A queen bee (shapeshifter) (Elf:1)
  3 wind drakes
  18 merfolk
  2 hornets
  A hornet (shapeshifter) (D:14)
  12 hippogriffs
  7 blink frogs
  4 slime creatures
  4 snapping turtles
  4 wraiths
  Eustachio (D:6)
  3 water elementals
  A vampire (D:13)
  3 wyverns
  18 yaks
  14 humans (D:13)
  Grum (D:9)
  3 basilisks
  3 fire elementals
  3 steam dragons
  7 vampire mosquitoes (D:15)
  3 hungry ghosts
  14 nagas
  8 water moccasins
  A warg (Orc:2)
  2 soldier ants (D:15)
  2 acid dragons
  15 porcupines
  3 black bears
  36 orc warriors
  A hornet zombie (D:15)
  13 ogres
  7 sky beasts
  2 phantoms
  6 ice beasts
  6 necrophages (Lair:2)
  3 wolves
  9 centaurs
  8 crocodiles
  21 bullfrogs
  Blork the orc (D:4)
  7 big kobolds
  An earth elemental (Elf:1)
  4 scorpions
  Dowan (D:5)
  8 killer bees
  2 vampire bats (Lair:3)
  11 wights
  4 howler monkeys
  4 electric eels
  7 crimson imps
  7 hounds
  A bullfrog zombie (D:10)
  28 orc priests
  5 jellies
  2 bullfrog skeletons
  A gnoll shaman (D:6)
  Natasha (D:3)
  5 iguanas
  24 orc wizards
  11 worker ants
  A killer bee zombie (D:5)
  3 hound zombies
  2 hound skeletons
  A worker ant zombie (D:5)
  A howler monkey zombie (D:5)
  11 adders
  6 gnolls
  5 shadow imps
  2 oozes
  An adder zombie (D:5)
  An adder skeleton (D:4)
  2 worms
  A dart slug (D:3)
  3 leopard geckos
  94 orcs
  4 ball pythons
  3 giant cockroaches
  7 goblins
  6 hobgoblins
  15 jackals
  3 quokkas
  7 bats
  8 frilled lizards
  20 kobolds
  2 leopard gecko skeletons
  2 quokka skeletons
  4 rats
  A butterfly (D:2)
  A fulminant prism (D:8)
  12 fungi
  9 plants
865 creatures vanquished.

Vanquished Creatures (collateral kills)
  A kraken (Shoals:3)
  Donald (Shoals:3)
  A deep elf sorcerer (Elf:1)
  A stone giant (Orc:2)
  2 merfolk javelineers
  4 merfolk impalers
  7 naga warriors
  4 merfolk aquamancers
  A centaur warrior (D:15)
  5 anacondas
  4 dancing weapons (Elf:1)
  3 satyrs
  2 naga sharpshooters (Snake:3)
  5 orc high priests (Orc:2)
  3 shock serpents
  A slime creature (D:15)
  4 deep elf knights (Elf:1)
  2 salamander mystics (Snake:2)
  7 sea snakes
  2 deep elf archers (Elf:1)
  3 orc knights (Orc:2)
  A harpy (Shoals:2)
  6 deep elf magi (Elf:1)
  5 manticores
  2 orc sorcerers (Orc:2)
  4 merfolk sirens
  2 mana vipers
  10 fauns
  2 salamanders
  A guardian serpent (Snake:3)
  12 black mambas
  8 naga magi
  2 water nymphs
  7 merfolk
  2 trolls (Orc:2)
  3 wind drakes
  2 hippogriffs
  3 snapping turtles
  8 water elementals
  2 fire elementals (Elf:1)
  A warg (Orc:2)
  16 nagas
  13 orc warriors (Orc:2)
  3 ogres (Orc:2)
  3 centaurs
  6 orc priests (Orc:2)
  2 orc wizards (Orc:2)
  5 orcs (Orc:2)
  4 tentacles (Shoals:3)
198 creatures vanquished.

Vanquished Creatures (others)
  2 merfolk javelineers (Shoals:4)
  2 naga sharpshooters
  3 fauns
  A naga mage (Snake:3)
  Duvessa (D:5)
  A wight (D:9)
  131 fulminant prisms
  8 fungi
  43 plants
  6 tentacles (Shoals:3)
  2 withered plants (D:15)
200 creatures vanquished.

Grand Total: 1263 creatures vanquished

Notes
Turn   | Place    | Note
-------+----------+-------------------------------------------
     0 | D:1      | yesno the Deep Elf Conjurer began the quest for the Orb.
     0 | D:1      | Reached XP level 1. HP: 10/10 MP: 6/6
   294 | D:1      | Reached XP level 2. HP: 15/15 MP: 1/8
   307 | D:1      | Upgraded the game from 0.22-a0-99-g1ac4c55 to 0.22-a0-110-g5b255cf
   622 | D:1      | Learned a level 2 spell: Searing Ray
   999 | D:1      | You fall through a shaft!
  1009 | D:2      | Found a burning altar of Makhleb.
  1049 | D:2      | Reached XP level 3. HP: 12/20 MP: 1/10
  1257 | D:2      | Found a shimmering altar of Xom.
  1378 | D:2      | Found a glowing silver altar of Zin.
  1379 | D:2      | Found a basalt altar of Yredelemnul.
  1379 | D:2      | Found a bloodstained altar of Trog.
  1623 | D:2      | Reached skill level 4 in Spellcasting
  1629 | D:2      | Reached XP level 4. HP: 24/24 MP: 1/12
  1635 | D:2      | Learned a level 4 spell: Iskenderun's Mystic Blast
  2218 | D:3      | Reached skill level 5 in Conjurations
  2369 | D:3      | Learned a level 3 spell: Dazzling Spray
  2445 | D:3      | Noticed an orc warrior
  2876 | D:3      | Noticed Natasha
  2882 | D:3      | Killed Natasha
  2882 | D:3      | Reached XP level 5. HP: 28/28 MP: 4/13
  3056 | D:4      | Noticed an ogre
  3067 | D:4      | Killed an ogre
  3067 | D:4      | Reached skill level 1 in Fighting
  3244 | D:4      | Reached skill level 5 in Spellcasting
  3279 | D:4      | Learned a level 4 spell: Fulminant Prism
  3336 | D:4      | Reached XP level 6. HP: 30/34 MP: 7/15
  3498 | D:4      | Noticed Blork the orc
  3504 | D:4      | Killed Blork the orc
  4038 | D:4      | Reached skill level 5 in Dodging
  4340 | D:5      | Entered Level 5 of the Dungeon
  4378 | D:5      | Reached XP level 7. HP: 33/39 MP: 11/17
  4609 | D:5      | Found a transporter.
  4617 | D:5      | Noticed Duvessa
  4620 | D:5      | Noticed Dowan
  4621 | D:5      | Found a blossoming altar of Fedhas.
  5277 | D:5      | Killed Dowan
  5277 | D:5      | Reached skill level 6 in Spellcasting
  5878 | D:5      | Found a transporter.
  5950 | D:5      | Killed Duvessa
  6018 | D:5      | Found a staircase to the Ecumenical Temple.
  6043 | D:5      | Found a sacrificial altar of Ru.
  6485 | D:6      | Reached skill level 1 in Hexes
  6993 | D:6      | Reached XP level 8. HP: 36/44 MP: 11/20
  7048 | D:6      | Learned a level 4 spell: Force Lance
  7060 | D:6      | Noticed Coron's ghost (novice OgHu)
  7090 | D:6      | Found a hazy altar of Hepliaklqana.
  7090 | D:6      | Found a sacrificial altar of Ru.
  7090 | D:6      | Noticed Eustachio
  7103 | D:6      | Killed Eustachio
  7103 | D:6      | Reached skill level 5 in Stealth
  7103 | D:6      | Reached skill level 7 in Spellcasting
  7294 | D:6      | Found a glowing golden altar of the Shining One.
  7296 | D:6      | Found a faded altar of an unknown god.
  7298 | D:6      | Found a faded altar of an unknown god.
  7360 | D:6      | Gained mutation: Scrolls take you a little longer to read. [potion of mutation]
  7360 | D:6      | Gained mutation: You have a pair of small horns on your head. [potion of mutation]
  7360 | D:6      | Gained mutation: Your spells are a little harder to cast, but a little more powerful. [potion of mutation]
  8501 | D:7      | Reached skill level 8 in Spellcasting
  8578 | D:7      | Reached XP level 9. HP: 50/50 MP: 5/23
  8928 | D:7      | Found a shadowy altar of Dithmenos.
  9498 | D:8      | Found Gisudgh's Gadget Shop.
  9846 | D:8      | Found Koumumab's Magic Scroll Shoppe.
  9869 | D:8      | Reached skill level 9 in Spellcasting
 10240 | D:8      | Found Peotsasch's Assorted Antiques.
 10303 | D:8      | Noticed Gorbigon's ghost (novice OgTm)
 10315 | D:8      | Killed Gorbigon's ghost
 10315 | D:8      | Reached skill level 5 in Hexes
 10315 | D:8      | Reached XP level 10. HP: 28/56 MP: 2/25
 10496 | D:8      | Learned a level 3 spell: Conjure Flame
 10499 | D:8      | Learned a level 2 spell: Blink
 10501 | D:8      | Learned a level 1 spell: Apportation
 10504 | D:8      | Learned a level 2 spell: Slow
 10507 | D:8      | Learned a level 2 spell: Call Imp
 11243 | D:9      | Noticed a two-headed ogre
 11243 | D:9      | Noticed a red ugly thing
 11246 | D:9      | Noticed a deep elf mage
 11249 | D:9      | Noticed a gargoyle
 11258 | D:10     | Entered Level 10 of the Dungeon
 11535 | D:10     | Reached skill level 10 in Spellcasting
 11921 | D:10     | Noticed Gorbigon's ghost (novice DrTm)
 11930 | D:10     | Upgraded the game from 0.22-a0-110-g5b255cf to 0.22-a0-113-gdd6f4a9
 11934 | D:10     | Killed Gorbigon's ghost
 12568 | D:11     | Found a staircase to the Lair.
 12588 | Lair:1   | Entered Level 1 of the Lair of Beasts
 12718 | Lair:1   | Reached skill level 10 in Dodging
 12762 | Lair:1   | Reached skill level 10 in Conjurations
 12863 | Lair:1   | Reached skill level 11 in Spellcasting
 12933 | Lair:1   | Reached XP level 11. HP: 56/62 MP: 13/28
 13228 | Lair:1   | Found a shattered altar of Ashenzari.
 13281 | Lair:1   | Noticed Gastronok
 13333 | Lair:1   | Killed Gastronok
 13571 | Lair:1   | Reached skill level 5 in Fighting
 14021 | D:11     | Noticed a cyan ugly thing
 14025 | D:11     | Reached skill level 12 in Spellcasting
 14027 | D:11     | Noticed a two-headed ogre
 14047 | D:11     | Killed a cyan ugly thing
 14058 | D:11     | Killed a two-headed ogre
 14454 | D:9      | Killed a two-headed ogre
 14454 | D:9      | Reached skill level 1 in Maces & Flails
 14586 | D:9      | Killed a deep elf mage
 14586 | D:9      | Reached XP level 12. HP: 69/69 MP: 22/30
 14631 | D:9      | Noticed Erica
 14640 | D:9      | Killed Erica
 14644 | D:9      | Noticed Erolcha
 14779 | Temple   | Entered the Ecumenical Temple
 14789 | Temple   | Became a worshipper of Sif Muna the Loreminder
 15101 | Lair:2   | Noticed a five-headed hydra
 15113 | Lair:2   | Killed a five-headed hydra
 15275 | Lair:2   | Found a staircase to the Shoals.
 15701 | D:9      | Found the +8 mithril axe "Arga" {speed, MR+}
 15747 | D:9      | Noticed a two-headed ogre
 16075 | D:8      | Bought a scroll of enchant weapon for 97 gold pieces
 16075 | D:8      | Bought a scroll of acquirement for 676 gold pieces
 16079 | D:8      | Got a pair of faintly glowing gloves
 16085 | D:8      | Identified the -5 pair of gloves of the Ant {+Inv} (You acquired it on level 8 of the Dungeon)
 16327 | Lair:2   | Reached skill level 1 in Shields
 16372 | Lair:2   | Reached skill level 13 in Spellcasting
 17121 | Lair:3   | Reached * piety under Sif Muna
 17858 | Lair:4   | Noticed an eight-headed hydra
 18148 | Lair:4   | Found a staircase to the Snake Pit.
 18382 | Lair:4   | Killed an eight-headed hydra
 18382 | Lair:4   | Reached skill level 14 in Spellcasting
 18382 | Lair:4   | Reached XP level 13. HP: 75/75 MP: 9/33
 18798 | Lair:5   | Reached ** piety under Sif Muna
 19252 | Lair:5   | Got a pair of faintly humming boots
 19263 | Lair:5   | Identified the -1 pair of boots of Qazlal's Whim {rC+ Dex+6} (You found it on level 5 of the Lair of Beasts)
 19280 | Lair:5   | Reached skill level 5 in Maces & Flails
 19453 | Lair:5   | Found a staircase to the Slime Pits.
 19453 | Lair:5   | Found a viscous altar of Jiyva.
 19671 | Lair:5   | Noticed Nessos
 19839 | D:9      | Killed Erolcha
 19915 | D:9      | Got a twitching ivory ring
 19917 | D:9      | Identified the ring "Tosteeg" {MR+ Str+4} (You found it on level 9 of the Dungeon)
 20078 | D:9      | Noticed Grum
 20081 | D:9      | Killed Grum
 21627 | D:12     | Found a staircase to the Orcish Mines.
 21916 | D:12     | Found a hide-covered altar of Uskayaw.
 22097 | Orc:1    | Entered Level 1 of the Orcish Mines
 22760 | Orc:2    | Entered Level 2 of the Orcish Mines
 22760 | Orc:2    | Noticed jdsmith2816's ghost (journeyman DsMo)
 22972 | Orc:2    | Reached *** piety under Sif Muna
 23541 | Shoals:1 | Entered Level 1 of the Shoals
 23661 | Shoals:1 | Reached XP level 14. HP: 84/84 MP: 12/34
 23795 | Shoals:1 | Noticed a white very ugly thing
 23848 | Shoals:1 | Killed a white very ugly thing
 24644 | D:13     | Learned a level 4 spell: Summon Ice Beast
 24649 | D:13     | Learned a level 4 spell: Summon Lightning Spire
 24653 | D:13     | Learned a level 3 spell: Call Canine Familiar
 24670 | D:13     | Noticed Frances
 25595 | D:14     | Reached **** piety under Sif Muna
 25667 | D:14     | Reached skill level 10 in Fighting
 25781 | D:14     | Found a stormy altar of Qazlal.
 25971 | D:14     | Reached skill level 10 in Maces & Flails
 26408 | D:14     | You fall through a shaft!
 26408 | D:15     | Entered Level 15 of the Dungeon
 26629 | D:15     | Reached skill level 1 in Summonings
 26663 | D:15     | Reached XP level 15. HP: 69/93 MP: 14/35
 27147 | D:15     | Found a staircase to the Depths.
 28576 | Shoals:2 | Noticed Donald
 28596 | Shoals:2 | Reached ***** piety under Sif Muna
 29768 | Shoals:2 | Reached skill level 15 in Spellcasting
 29789 | Shoals:2 | Identified Woggeaki's Almanac of the Ensnaring Rocks (Sif Muna gifted it to you on level 2 of the Shoals)
 29789 | Shoals:2 | Received a gift from Sif Muna
 29797 | Shoals:2 | Learned a level 5 spell: Summon Mana Viper
 31997 | Shoals:3 | Reached skill level 1 in Invocations
 32160 | Shoals:3 | Learned a level 5 spell: Summon Demon
 32196 | Shoals:3 | Reached skill level 5 in Summonings
 32374 | Shoals:3 | Reached skill level 16 in Spellcasting
 32585 | Shoals:3 | Lost mutation: Your spells are a little harder to cast, but a little more powerful. [potion of mutation]
 32585 | Shoals:3 | Lost mutation: You have a pair of small horns on your head. [potion of mutation]
 32585 | Shoals:3 | Gained mutation: You can translocate small distances at will. [potion of mutation]
 32585 | Shoals:3 | Gained mutation: You are clumsy. (Dex -2) [potion of mutation]
 32585 | Shoals:3 | Gained mutation: You are covered in fur. (AC +1) [potion of mutation]
 33162 | Shoals:3 | Killed Donald
 33482 | Shoals:3 | Reached XP level 16. HP: 94/99 MP: 17/38
 33707 | Shoals:3 | Noticed a kraken
 33728 | Shoals:3 | Killed a kraken
 33915 | Shoals:4 | Entered Level 4 of the Shoals
 33955 | Shoals:4 | Received a gift from Sif Muna
 34048 | Shoals:4 | Noticed Ilsuiw
 34249 | Shoals:4 | Found the +6 Majin-Bo {vamp, Archmagi MP+6 Int+6}
 34317 | Shoals:4 | Reached skill level 5 in Invocations
 34579 | Shoals:4 | Reached skill level 17 in Spellcasting
 34911 | Shoals:4 | Got a barnacled rune of Zot
 35067 | Snake:1  | Entered Level 1 of the Snake Pit
 36058 | Snake:1  | Identified the Tome of Cloudy Creation
 36198 | Snake:1  | Noticed Nikola
 36224 | Snake:1  | Killed Nikola
 37126 | Orc:1    | Learned a level 7 spell: Orb of Destruction
 37172 | Orc:2    | Killed jdsmith2816's ghost
 37497 | Orc:2    | Found a roughly hewn altar of Beogh.
 37598 | Orc:2    | Found Tiuf's General Store.
 37622 | Orc:2    | Found Sysoseleus's Book Shop.
 37905 | Orc:2    | Received a gift from Sif Muna
 38293 | Orc:2    | Found a staircase to the Elven Halls.
 38540 | Orc:2    | Found a roughly hewn altar of Beogh.
 38566 | Orc:2    | Reached skill level 18 in Spellcasting
 38951 | Orc:2    | Found Somit's Book Shop.
 39133 | Orc:2    | Found Javuntul's Antique Weapon Emporium.
 39324 | Orc:2    | Bought Yruxkup's Compendium of Shifting Combat Magic for 584 gold pieces
 39387 | Elf:1    | Entered Level 1 of the Elven Halls
 40280 | Elf:1    | Found Zauguir's Antique Weapon Shoppe.
 40310 | Elf:1    | Reached XP level 17. HP: 70/104 MP: 21/41
 40793 | Elf:1    | Found Zooreme's Armour Boutique.
 40801 | Elf:1    | Upgraded the game from 0.22-a0-113-gdd6f4a9 to 0.22-a0-117-g314b907
 40890 | Elf:1    | Found a portal to a secret trove of treasure.
 42973 | Snake:2  | Reached skill level 19 in Spellcasting
 43023 | Snake:2  | Identified Sif Muna's Guide on Damaging Fascination (Sif Muna gifted it to you on level 2 of the Snake Pit)
 43023 | Snake:2  | Received a gift from Sif Muna
 43034 | Snake:2  | Learned a level 7 spell: Spellforged Servitor
 43063 | Snake:2  | Found a sparkling altar of Nemelex Xobeh.
 43340 | Snake:2  | Got a pair of steaming boots
 43351 | Snake:2  | Identified the +0 pair of boots of Uskayaw's Displeasure {rCorr Str+2 Slay+2} (You acquired it on level 2 of the Snake Pit)
 43996 | Snake:2  | Reached skill level 15 in Conjurations
 45410 | Snake:3  | Noticed Roxanne
 45795 | Snake:4  | Entered Level 4 of the Snake Pit
 46026 | Snake:4  | Noticed Vashnia
 46065 | Snake:4  | Noticed Bai Suzhen
 46065 | Snake:4  | Quit the game

Vault maps used:
D:1:      dpeg_arrival_boxes_within_box
D:2:      xom_butterflies, bloody_makhleb,
          chequers_temple_overflow_statue_of_worship, old_standard_altar,
          first_ration, minmay_tall_x
D:3:      nrook_uturn, uniq_natasha
D:4:      uniq_blork_the_orc
D:5:      gammafunk_temple_overflow_arena, temple_green,
          hangedman_decor_peaks_small, minmay_hedge_maze,
          minmay_misc_feat_nine_boxes, nicolae_ru_path_of_blood, uniq_duvessa
D:6:      chequers_temple_overflow_minitemple, minmay_door_square,
          uniq_eustachio
D:7:      kennysheep_cross_bottleneck, grunt_ogre_cave,
          grunt_dithmenos_smoke_and_mirrors
D:8:      serial_shops, nicolae_shop_competitors_out_of_business, shop,
          kennysheep_mini, minmay_misc_feat_tiny, grunt_decor_mini_mirrors
D:9:      minmay_the_grid_net, minmay_misc_feat_plants, uniq_erolcha,
          uniq_erica, uniq_grum
D:10:     minivault_5, kennysheep_windowed_goal
D:11:     due_lair_maze_entry_diamond
D:12:     orc_0_dummy, basic_altar, minivault_16
D:13:     grunt_vaults_entry_tiered, eino_tiny_chamber, uniq_frances
D:14:     kennysheep_big_flooded_room, palyth_stone_intersect,
          grunt_qazlal_clouds
D:15:     gammafunk_depths_entry_grave, minivault_11, grunt_ministairs_6,
          hex_large
Temple:   nicolae_temple_god_jail
Lair:1:   basic_altar, grunt_megastairs_2, uniq_gastronok
Lair:2:   elwin_shoals_entry_rocks, st_stairs_11, minivault_19,
          roderic_carrion_pond
Lair:3:   roderic_batcave, minmay_lair_oklob_chamber, infiniplex_staircase_pool
Lair:4:   minmay_snake_entry_spellcaster, disabler_island
Lair:5:   slime_altar_1, uniq_nessos
Shoals:1: portal_ice_cave_entry_ugly_swarm
Shoals:2: nicolae_shoals_dead_sea_scrolls, uniq_donald
Shoals:3: nicolae_shoals_kraken_intersection
Shoals:4: shoals_end_grunt_garden, shoals_ilsuiw_alternative
Snake:1:  grunt_ministairs_13, uniq_nikola
Snake:2:  basic_altar, grunt_ministairs_3
Snake:3:  uniq_roxanne
Snake:4:  grunt_snake_rune_serpentine_throne, uniq_bai_suzhen, uniq_vashnia,
          uniq_louise, uniq_aizul
Orc:1:    uniq_fannar
Orc:2:    pubby_orc_utopia
Elf:1:    enter_trove_1, serial_shops,
          nicolae_shop_temple_entry_statues_fountains, shop, minivault_28,
          grunt_ministairs_3

Skill      XL: |  1  2  3  4  5  6  7  8  9 10 11 12 13 14 15 16 17 |
---------------+----------------------------------------------------+-----
Dodging        | 3 4 5 6 7 8 10 11 12 | 12.3
Stealth        | 3 4 5 6 7 8 |  8.0
Spellcasting   | 4 5 6 8 9 11 12 14 16 18 19 | 19.6
Conjurations   | 5 6 7 8 10 11 12 14 15 | 15.5
Fighting       | 1 2 3 4 5 6 8 10 | 10.8
Hexes          | 1 3 5 8 |  8.2
Maces & Flails | 1 4 8 10 | 10.3
Shields        | 4 |  4.0
Summonings     | 1 6 7 |  7.3
Invocations    | 3 7 8 |  8.0

Action                   |  1- 3 |  4- 6 |  7- 9 | 10-12 | 13-15 | 16-18 || total
-------------------------+-------+-------+-------+-------+-------+-------++-------
Melee: Dagger            |    17 |    25 |    21 |       |       |       ||    63
       Short sword       |       |     4 |    16 |       |       |       ||    20
       Rapier            |       |       |     8 |       |       |       ||     8
       Demon whip        |       |       |     6 |   351 |  1255 |   897 ||  2509
       Headbutt          |       |       |     6 |    70 |   296 |       ||   372
 Cast: Magic Dart        |    56 |    62 |    57 |    58 |    33 |     7 ||   273
       Searing Ray       |     7 |    13 |    75 |   104 |    31 |     2 ||   232
       Dazzling Spray    |       |     1 |     6 |     4 |     1 |       ||    12
       Fulminant Prism   |       |     3 |    13 |    47 |    39 |    31 ||   133
       Iskenderun's Myst |       |     1 |     8 |    32 |   293 |    53 ||   387
       Blink             |       |       |       |    17 |    39 |    26 ||    82
       Slow              |       |       |       |     2 |     7 |     2 ||    11
       Force Lance       |       |       |       |     1 |       |     1 ||     2
       Summon Ice Beast  |       |       |       |       |    47 |    35 ||    82
       Summon Mana Viper |       |       |       |       |    23 |     8 ||    31
       Summon Demon      |       |       |       |       |    10 |   111 ||   121
       Summon Lightning  |       |       |       |       |     3 |     6 ||     9
       Orb of Destructio |       |       |       |       |       |    30 ||    30
Invok: Divine Energy     |       |       |       |       |     1 |       ||     1
       Channel Magic     |       |       |       |       |       |     7 ||     7
Evoke: Wand              |       |       |     1 |    10 |     5 |     3 ||    19
  Use: Scroll            |       |     2 |    11 |    12 |    24 |    17 ||    66
       Potion            |       |     4 |     3 |     3 |    15 |     6 ||    31
 Stab: Sleeping          |     1 |     1 |     1 |    10 |    10 |    10 ||    33
       Invisible         |       |       |       |     3 |    10 |       ||    13
       Petrified         |       |       |       |       |     5 |       ||     5
       Distracted        |       |       |       |       |     9 |    22 ||    31
       Fleeing           |       |       |       |       |     1 |       ||     1
  Eat: Chunk             |     2 |     9 |    11 |    10 |    26 |    14 ||    72
       Ration            |       |       |     9 |     4 |     7 |    10 ||    30
Armor: Robe              |     5 |     4 |    10 |     3 |   106 |    53 ||   181
       Steam dragon scal |       |       |       |    69 |    10 |       ||    79
Dodge: Dodged            |    18 |    24 |   121 |   551 |  1082 |   552 ||  2348
Block: Buckler           |       |       |       |    26 |   401 |   485 ||   912
       Reflection        |       |       |       |       |    31 |    57 ||    88

Table legend:
 A = Spawn XP
 B = Non-spawn XP
 C = Spawn XP percentage of total XP
 D = Spawn monster count
 E = Non-spawn monster count
 F = Spawn count percentage of total count
 G = Total turns spent on level
                    A         B        C        D         E        F      G
               +---------+---------+-------+---------+---------+-------+---------
         Total |       0 |  265498 |   0.0 |       0 |    1046 |   0.0 | 46065
               +---------+---------+-------+---------+---------+-------+---------
           D:1 |       0 |      37 |   0.0 |       0 |      23 |   0.0 |   999
           D:2 |       0 |      88 |   0.0 |       0 |      17 |   0.0 |  1118
           D:3 |       0 |      82 |   0.0 |       0 |      14 |   0.0 |   937
           D:4 |       0 |     507 |   0.0 |       0 |      23 |   0.0 |  1286
           D:5 |       0 |     436 |   0.0 |       0 |      18 |   0.0 |  2174
           D:6 |       0 |     886 |   0.0 |       0 |      15 |   0.0 |  1515
           D:7 |       0 |    1403 |   0.0 |       0 |      28 |   0.0 |  1461
           D:8 |       0 |    3718 |   0.0 |       0 |      37 |   0.0 |  2030
           D:9 |       0 |    8297 |   0.0 |       0 |      44 |   0.0 |  1540
          D:10 |       0 |    2832 |   0.0 |       0 |      22 |   0.0 |  1546
          D:11 |       0 |    5563 |   0.0 |       0 |      35 |   0.0 |   943
          D:12 |       0 |    9542 |   0.0 |       0 |      45 |   0.0 |  1733
          D:13 |       0 |   10938 |   0.0 |       0 |      60 |   0.0 |  1167
          D:14 |       0 |   14030 |   0.0 |       0 |      38 |   0.0 |  1131
          D:15 |       0 |   15834 |   0.0 |       0 |      42 |   0.0 |  1327
        Lair:1 |       0 |    6097 |   0.0 |       0 |      25 |   0.0 |  1662
        Lair:2 |       0 |    7359 |   0.0 |       0 |      28 |   0.0 |  1270
        Lair:3 |       0 |    2962 |   0.0 |       0 |      17 |   0.0 |  1066
        Lair:4 |       0 |    4562 |   0.0 |       0 |      21 |   0.0 |  1134
        Lair:5 |       0 |    4582 |   0.0 |       0 |      14 |   0.0 |   723
      Shoals:1 |       0 |   17145 |   0.0 |       0 |      33 |   0.0 |  1979
      Shoals:2 |       0 |   12933 |   0.0 |       0 |      29 |   0.0 |  2566
      Shoals:3 |       0 |   23223 |   0.0 |       0 |      54 |   0.0 |  2009
      Shoals:4 |       0 |   17491 |   0.0 |       0 |      37 |   0.0 |   998
       Snake:1 |       0 |   12460 |   0.0 |       0 |      23 |   0.0 |  2013
       Snake:2 |       0 |   12194 |   0.0 |       0 |      24 |   0.0 |  2102
       Snake:3 |       0 |   19621 |   0.0 |       0 |      54 |   0.0 |  1519
       Snake:4 |       0 |    2645 |   0.0 |       0 |       4 |   0.0 |   270
         Orc:1 |       0 |    2245 |   0.0 |       0 |      39 |   0.0 |   948
         Orc:2 |       0 |   19159 |   0.0 |       0 |     132 |   0.0 |  2839
         Elf:1 |       0 |   26627 |   0.0 |       0 |      51 |   0.0 |  1994
               +---------+---------+-------+---------+---------+-------+---------
